| TOP OF THE 1ST |
|
Santa Domingo Colonials batting - Pitching for Port-au-Prince Pirates : RHP Robert Hussey
|
|
Pitching: RHP Robert Hussey
|
|
|
Batting: SHB Curt Bryan
|
0-0: Ball 1-0: Called Strike 1-1: SINGLE (Line Drive, 34, EV 95.6 MPH)
|
|
Batting: RHB Ryne Sandberg
|
0-0: Fly out, F8 (Line Drive, 8LD, EV 106.9 MPH)
|
|
Batting: LHB Mike Stenhouse
|
0-0: Called Strike Curt Bryan steals 2nd base 0-1: Called Strike 0-2: Foul Ball, location: 2F 0-2: Ball 1-2: Ball 2-2: Fly out, F7 (Flyball, 78S, EV 91.3 MPH)
|
|
Batting: RHB John Rabb
|
0-0: Swinging Strike 0-1: Fly out, F9 (Flyball, 89S, EV 82.5 MPH)
|
| Top of the 1st over - 0 runs, 1 hit, 0 errors, 1 left on base; Santa Domingo 0 - Port-au-Prince 0 |
| BOTTOM OF THE 1ST |
|
Port-au-Prince Pirates batting - Pitching for Santa Domingo Colonials : LHP Omar Aguilar
|
|
Pitching: LHP Omar Aguilar
|
|
|
Batting: RHB Robert Duran
|
0-0: Ball 1-0: Ball 2-0: Foul Ball, location: 2F 2-1: SINGLE (Line Drive, 89M, EV 107.5 MPH)
|
|
Batting: LHB John Edmonds
|
0-0: SINGLE (Flyball, 5D, EV 89.4 MPH) Robert Duran to second Runner from 2nd tries for 3rd, SAFE, no throw by LF
|
|
Batting: RHB Bobby Miscik
|
0-0: Ball 1-0: Fly out, F8 (Line Drive, 8RM, EV 90.6 MPH) Runner from 3rd tags up, SCORES, throw by CF
|
|
Batting: RHB Dennis Tiefenthaler
|
0-0: Ball 1-0: Called Strike 1-1: Swinging Strike 1-2: Ball 2-2: Foul Ball, location: 2F 2-2: Strikes out swinging John Edmonds steals 2nd, throwing error, E2 John Edmonds to third
|
|
Batting: RHB Byron Peyton
|
0-0: Ball 1-0: Ball 2-0: Ball 3-0: Called Strike 3-1: Called Strike 3-2: Foul Ball, location: 2F 3-2: Strikes out swinging
|
| Bottom of the 1st over - 1 run, 2 hits, 1 error, 1 left on base; Santa Domingo 0 - Port-au-Prince 1 |
| TOP OF THE 2ND |
|
Santa Domingo Colonials batting - Pitching for Port-au-Prince Pirates : RHP Robert Hussey
|
|
Batting: LHB Marvell Wynne
|
0-0: Called Strike 0-1: Ball 1-1: Ball 2-1: SINGLE (Groundball, 34D, EV 98.8 MPH)
|
|
Batting: RHB Mike Rubel
|
0-0: Ball 1-0: Foul Ball, location: 2F 1-1: Ball 2-1: Ball 3-1: Foul Ball, location: 2F 3-2: Ground out 4-3 (Groundball, 4, EV 79.4 MPH) Marvell Wynne to second
|
|
Batting: RHB Ramon Estepa
|
0-0: Fly out, F9 (Flyball, 9LM, EV 90.6 MPH)
|
|
Batting: RHB Ken Gerhart
|
0-0: Called Strike 0-1: Ball Wild Pitch! Marvell Wynne to third 1-1: Foul Ball, location: 2F 1-2: Ball 2-2: Foul Ball, location: 2F 2-2: Foul Ball, location: 2F 2-2: Ball 3-2: Foul Ball, location: 2F 3-2: Base on Balls
|
|
Batting: SHB Eddie Tanner
|
0-0: Ball 1-0: Foul Ball, location: 2F 1-1: Swinging Strike 1-2: Ball 2-2: Strikes out looking
|
| Top of the 2nd over - 0 runs, 1 hit, 0 errors, 2 left on base; Santa Domingo 0 - Port-au-Prince 1 |
| BOTTOM OF THE 2ND |
|
Port-au-Prince Pirates batting - Pitching for Santa Domingo Colonials : LHP Omar Aguilar
|
|
Batting: RHB Augie Schmidt
|
0-0: Swinging Strike 0-1: Ball 1-1: Swinging Strike 1-2: Strikes out swinging, 2-3 out at first.
|
|
Batting: RHB Brandt Humphry
|
0-0: Ball 1-0: Ball 2-0: Ground out 6-3 (Groundball, 6, EV 91.3 MPH)
|
|
Batting: RHB Gerry Melillo
|
0-0: Called Strike 0-1: Ball 1-1: Swinging Strike 1-2: Ball 2-2: Foul Ball, location: 2F 2-2: Foul Ball, location: 2F 2-2: Foul Ball, location: 2F 2-2: SINGLE (Line Drive, 7S, EV 103.8 MPH)
|
|
Batting: SHB Michael Kennedy
|
0-0: Called Strike 0-1: Swinging Strike 0-2: Foul Ball, location: 2F 0-2: Foul Ball, location: 2F 0-2: Ball 1-2: Ball 2-2: Ground out 5-3 (Groundball, 56S, EV 78.1 MPH)
|
| Bottom of the 2nd over - 0 runs, 1 hit, 0 errors, 1 left on base; Santa Domingo 0 - Port-au-Prince 1 |
| TOP OF THE 3RD |
|
Santa Domingo Colonials batting - Pitching for Port-au-Prince Pirates : RHP Robert Hussey
|
|
Batting: SHB Curt Bryan
|
0-0: Ball 1-0: Swinging Strike 1-1: Ball 2-1: Ball 3-1: Base on Balls
|
|
Batting: RHB Ryne Sandberg
|
0-0: Called Strike 0-1: Grounds into double play, 5-4-3 (Groundball, 5, EV 106.3 MPH)
|
|
Batting: LHB Mike Stenhouse
|
0-0: Foul Ball, location: 2F 0-1: Fly out, F9 (Flyball, 89D, EV 93.1 MPH)
|
| Top of the 3rd over - 0 runs, 0 hits, 0 errors, 0 left on base; Santa Domingo 0 - Port-au-Prince 1 |
| BOTTOM OF THE 3RD |
|
Port-au-Prince Pirates batting - Pitching for Santa Domingo Colonials : LHP Omar Aguilar
|
|
Batting: RHB Robert Duran
|
0-0: Ball 1-0: Ground out 5-3 (Groundball, 25, EV 84.4 MPH)
|
|
Batting: LHB John Edmonds
|
0-0: Ball 1-0: Foul Ball, location: 2F 1-1: Foul Ball, location: 2F 1-2: Fly out, F9 (Flyball, 9D, EV 104.4 MPH)
|
|
Batting: RHB Bobby Miscik
|
0-0: Ground out 6-3 (Groundball, 6, EV 88.1 MPH)
|
| Bottom of the 3rd over - 0 runs, 0 hits, 0 errors, 0 left on base; Santa Domingo 0 - Port-au-Prince 1 |
| TOP OF THE 4TH |
|
Santa Domingo Colonials batting - Pitching for Port-au-Prince Pirates : RHP Robert Hussey
|
|
Batting: RHB John Rabb
|
0-0: Foul Ball, location: 2F 0-1: Foul Ball, location: 2F 0-2: Ball 1-2: Foul Ball, location: 2F 1-2: Foul Ball, location: 2F 1-2: Fly out, F6 (Popup, 6S, EV 68.1 MPH)
|
|
Batting: LHB Marvell Wynne
|
0-0: Called Strike 0-1: Reached via error on a dropped throw from 1B, E1 (Groundball, 23, EV 85.0 MPH)
|
|
Batting: RHB Mike Rubel
|
0-0: Called Strike 0-1: Ball 1-1: Ball 2-1: Foul Ball, location: 2F 2-2: Ball 3-2: Base on Balls Marvell Wynne to second
|
|
Batting: RHB Ramon Estepa
|
0-0: Called Strike 0-1: Ball 1-1: Ball 2-1: Called Strike 2-2: Ball 3-2: Strikes out swinging
|
|
Batting: RHB Ken Gerhart
|
0-0: Ball 1-0: Called Strike 1-1: Called Strike 1-2: Ball 2-2: Ball 3-2: Base on Balls Marvell Wynne to third Mike Rubel to second
|
|
Batting: SHB Eddie Tanner
|
0-0: Ball 1-0: Called Strike 1-1: Ground out U3 (Groundball, 34, EV 90.0 MPH)
|
| Top of the 4th over - 0 runs, 0 hits, 1 error, 3 left on base; Santa Domingo 0 - Port-au-Prince 1 |
| BOTTOM OF THE 4TH |
|
Port-au-Prince Pirates batting - Pitching for Santa Domingo Colonials : LHP Omar Aguilar
|
|
Batting: RHB Dennis Tiefenthaler
|
0-0: Ball 1-0: Ground out 4-3 (Groundball, 4M, EV 101.9 MPH)
|
|
Batting: RHB Byron Peyton
|
0-0: Ball 1-0: Ground out U3 (Groundball, 34, EV 88.8 MPH)
|
|
Batting: RHB Augie Schmidt
|
0-0: Called Strike 0-1: Ball 1-1: Called Strike 1-2: Ground out U3 (Groundball, 3S, EV 92.5 MPH)
|
| Bottom of the 4th over - 0 runs, 0 hits, 0 errors, 0 left on base; Santa Domingo 0 - Port-au-Prince 1 |
| TOP OF THE 5TH |
|
Santa Domingo Colonials batting - Pitching for Port-au-Prince Pirates : RHP Robert Hussey
|
|
Batting: SHB Curt Bryan
|
0-0: Ball 1-0: Called Strike 1-1: Swinging Strike 1-2: Ball 2-2: SINGLE (Groundball, 56D, EV 94.4 MPH)
|
|
Batting: RHB Ryne Sandberg
|
0-0: Called Strike 0-1: Foul Ball, location: 2F 0-2: SINGLE (Groundball, 4MD, EV 95.0 MPH) Curt Bryan to second Curt Bryan to third
|
|
Batting: LHB Mike Stenhouse
|
0-0: Foul Ball, location: 2F 0-1: Ball Ryne Sandberg steals 2nd base 1-1: Ball 2-1: Foul Ball, location: 2F 2-2: Ball 3-2: Ground out 4-3 (Groundball, 4, EV 89.4 MPH) Curt Bryan scores Ryne Sandberg to third
|
|
Batting: RHB John Rabb
|
0-0: Called Strike 0-1: Foul Ball, location: 2F 0-2: Ball 1-2: Ground out 6-3 (Groundball, P, EV 83.1 MPH) Ryne Sandberg scores
|
|
Batting: LHB Marvell Wynne
|
0-0: Called Strike 0-1: Swinging Strike 0-2: SINGLE (Line Drive, 78S, EV 105.0 MPH)
|
|
Batting: RHB Mike Rubel
|
0-0: Ball 1-0: Foul Ball, location: 2F 1-1: Ball 2-1: Foul Ball, location: 2F 2-2: Foul Ball, location: 2F 2-2: Foul Ball, location: 2F 2-2: Hit by Pitch Marvell Wynne to second
|
|
Batting: RHB Ramon Estepa
|
0-0: Ball 1-0: Ball 2-0: Called Strike 2-1: Ball 3-1: Foul Ball, location: 2F 3-2: Base on Balls Marvell Wynne to third Mike Rubel to second
|
|
Batting: RHB Ken Gerhart
|
0-0: Called Strike 0-1: Ball 1-1: Fly out, F7 (Flyball, 7LS, EV 84.4 MPH)
|
| Top of the 5th over - 2 runs, 3 hits, 0 errors, 3 left on base; Santa Domingo 2 - Port-au-Prince 1 |
| BOTTOM OF THE 5TH |
|
Port-au-Prince Pirates batting - Pitching for Santa Domingo Colonials : LHP Omar Aguilar
|
|
Batting: RHB Brandt Humphry
|
0-0: Ball 1-0: Ball 2-0: SINGLE (Groundball, 5L, EV 101.9 MPH) (infield hit)
|
|
Batting: RHB Gerry Melillo
|
0-0: Foul Ball, location: 2F 0-1: Ball 1-1: Called Strike 1-2: Grounds into double play, 1-6-3 (Groundball, 13S, EV 72.5 MPH)
|
|
Batting: SHB Michael Kennedy
|
0-0: Ball 1-0: Ball 2-0: Ball 3-0: Base on Balls
|
|
Batting: RHB Robert Duran
|
0-0: Called Strike 0-1: Fielders Choice at 2nd, 6-4 (Groundball, 6, EV 108.1 MPH)
|
| Bottom of the 5th over - 0 runs, 1 hit, 0 errors, 1 left on base; Santa Domingo 2 - Port-au-Prince 1 |
| TOP OF THE 6TH |
|
Santa Domingo Colonials batting - Pitching for Port-au-Prince Pirates : RHP Robert Hussey
|
|
Batting: SHB Eddie Tanner
|
0-0: Ball 1-0: Called Strike 1-1: Ball 2-1: Fly out, F5 (Flyball, 56D, EV 70.0 MPH)
|
|
Batting: SHB Curt Bryan
|
0-0: Called Strike 0-1: Ball 1-1: Called Strike 1-2: Strikes out swinging
|
|
Batting: RHB Ryne Sandberg
|
0-0: Ball 1-0: Swinging Strike 1-1: Ball 2-1: SINGLE (Flyball, 3D, EV 93.8 MPH)
|
|
Batting: LHB Mike Stenhouse
|
0-0: Called Strike Ryne Sandberg steals 2nd base 0-1: Called Strike 0-2: Ball 1-2: 2-RUN HOME RUN (Flyball, 9LD, EV 98.8 MPH), Distance : 352 ft
|
|
Batting: RHB John Rabb
|
0-0: Ball 1-0: Foul Ball, location: 2F 1-1: Foul Ball, location: 2F 1-2: Foul Ball, location: 2F 1-2: Fly out, F9 (Flyball, 9, EV 78.8 MPH)
|
| Top of the 6th over - 2 runs, 2 hits, 0 errors, 0 left on base; Santa Domingo 4 - Port-au-Prince 1 |
| BOTTOM OF THE 6TH |
|
Port-au-Prince Pirates batting - Pitching for Santa Domingo Colonials : LHP Omar Aguilar
|
|
Batting: LHB John Edmonds
|
0-0: Called Strike 0-1: SINGLE (Flyball, 34D, EV 86.3 MPH)
|
|
Batting: RHB Bobby Miscik
|
0-0: Foul Ball, location: 2F 0-1: Fly out, F8 (Flyball, 8RS, EV 94.4 MPH)
|
|
Batting: RHB Dennis Tiefenthaler
|
0-0: Ball 1-0: Foul Ball, location: 2F 1-1: Ball 2-1: Ball 3-1: Called Strike 3-2: Grounds into double play, 6-4-3 (Groundball, 6, EV 86.9 MPH)
|
| Bottom of the 6th over - 0 runs, 1 hit, 0 errors, 0 left on base; Santa Domingo 4 - Port-au-Prince 1 |
| TOP OF THE 7TH |
|
Santa Domingo Colonials batting - Pitching for Port-au-Prince Pirates : RHP Robert Hussey
|
|
Batting: LHB Marvell Wynne
|
0-0: Foul Ball, location: 2F 0-1: Called Strike 0-2: Ball 1-2: Strikes out swinging
|
|
Batting: RHB Mike Rubel
|
0-0: Called Strike 0-1: Ball 1-1: Ball 2-1: Foul Ball, location: 2F 2-2: Foul Ball, location: 2F 2-2: Ground out 5-3 (Groundball, 56, EV 106.3 MPH)
|
|
Batting: RHB Ramon Estepa
|
0-0: Called Strike 0-1: Fly out, F8 (Flyball, 8RXD, EV 101.9 MPH)
|
| Top of the 7th over - 0 runs, 0 hits, 0 errors, 0 left on base; Santa Domingo 4 - Port-au-Prince 1 |
| BOTTOM OF THE 7TH |
|
Port-au-Prince Pirates batting - Pitching for Santa Domingo Colonials : LHP Omar Aguilar
|
|
Batting: RHB Byron Peyton
|
0-0: Swinging Strike 0-1: Called Strike 0-2: Ball 1-2: Fly out, F5 (Line Drive, 5, EV 65.6 MPH)
|
|
Batting: RHB Augie Schmidt
|
0-0: Ball 1-0: Called Strike 1-1: Foul Ball, location: 2F 1-2: Ground out 5-3 (Groundball, 56, EV 86.9 MPH)
|
|
Batting: RHB Brandt Humphry
|
0-0: Called Strike 0-1: Ball 1-1: Fly out, F7 (Flyball, 7, EV 88.1 MPH)
|
| Bottom of the 7th over - 0 runs, 0 hits, 0 errors, 0 left on base; Santa Domingo 4 - Port-au-Prince 1 |
| TOP OF THE 8TH |
|
Santa Domingo Colonials batting - Pitching for Port-au-Prince Pirates : RHP Robert Hussey
|
|
Pitching: RHP Michael Morrissey
|
|
|
Batting: RHB Ken Gerhart
|
0-0: Called Strike 0-1: Ball 1-1: Ball 2-1: Swinging Strike 2-2: Fly out, F9 (Flyball, 9D, EV 100.6 MPH)
|
|
Batting: SHB Eddie Tanner
|
0-0: Swinging Strike 0-1: Ball 1-1: Called Strike 1-2: Foul Ball, location: 2F 1-2: Fly out, F8 (Flyball, 78S, EV 87.5 MPH)
|
|
Batting: SHB Curt Bryan
|
0-0: Called Strike 0-1: Ball 1-1: Swinging Strike 1-2: Strikes out swinging
|
| Top of the 8th over - 0 runs, 0 hits, 0 errors, 0 left on base; Santa Domingo 4 - Port-au-Prince 1 |
| BOTTOM OF THE 8TH |
|
Port-au-Prince Pirates batting - Pitching for Santa Domingo Colonials : LHP Omar Aguilar
|
|
Now at 3B: Vinny Jaramillo
|
|
|
Batting: RHB Gerry Melillo
|
0-0: Bunt missed! 0-1: Ball 1-1: Fly out, F8 (Flyball, 8LD, EV 100.0 MPH)
|
|
Batting: SHB Michael Kennedy
|
0-0: Called Strike 0-1: Ball 1-1: Ball 2-1: SINGLE (Groundball, 34D, EV 98.8 MPH)
|
|
Batting: RHB Robert Duran
|
0-0: Swinging Strike 0-1: Called Strike 0-2: Foul Ball, location: 2F 0-2: Strikes out swinging
|
|
Pitching: LHP Jerry Gomez
|
|
|
Batting: LHB John Edmonds
|
0-0: Called Strike 0-1: Ball 1-1: Fly out, F7 (Flyball, 7, EV 85.0 MPH)
|
| Bottom of the 8th over - 0 runs, 1 hit, 0 errors, 1 left on base; Santa Domingo 4 - Port-au-Prince 1 |
| TOP OF THE 9TH |
|
Santa Domingo Colonials batting - Pitching for Port-au-Prince Pirates : RHP Michael Morrissey
|
|
Batting: RHB Ryne Sandberg
|
0-0: Ball 1-0: Called Strike 1-1: Foul Ball, location: 2F 1-2: Ball 2-2: SINGLE (Groundball, 4S, EV 67.5 MPH) (infield hit)
|
|
Batting: LHB Mike Stenhouse
|
0-0: Called Strike 0-1: Ball 1-1: Ball 2-1: Called Strike 2-2: Strikes out looking
|
|
Batting: RHB John Rabb
|
0-0: Ball 1-0: Fly out, F8 (Flyball, 8LD, EV 90.6 MPH)
|
|
Batting: LHB Marvell Wynne
|
0-0: Ball Ryne Sandberg steals 2nd base 1-0: Ball 2-0: Called Strike 2-1: Ball 3-1: Base on Balls
|
|
Batting: RHB Mike Rubel
|
0-0: Reached on error, E7 (Flyball, 7S, EV 81.9 MPH) Ryne Sandberg scores Marvell Wynne to third
|
|
Pitching: RHP Scott Farmer
|
|
|
Batting: RHB Ramon Estepa
|
0-0: Called Strike 0-1: Ball 1-1: Ball 2-1: Foul Ball, location: 2F 2-2: Ball 3-2: Base on Balls
|
|
Batting: RHB Ken Gerhart
|
0-0: Foul Ball, location: 2F 0-1: Ball 1-1: SINGLE (Groundball, 56D, EV 93.8 MPH) Marvell Wynne scores Mike Rubel to third Ramon Estepa to second Runner from 3rd tries for Home, SAFE, throw by LF to home
|
|
Batting: RHB Vinny Jaramillo
|
0-0: Fly out, F8 (Flyball, 8RS, EV 79.4 MPH)
|
| Top of the 9th over - 3 runs, 2 hits, 1 error, 2 left on base; Santa Domingo 7 - Port-au-Prince 1 |
| BOTTOM OF THE 9TH |
|
Port-au-Prince Pirates batting - Pitching for Santa Domingo Colonials : LHP Jerry Gomez
|
|
Batting: RHB Bobby Miscik
|
0-0: Ball 1-0: DOUBLE (Flyball, 8RXD, EV 100.0 MPH)
|
|
Batting: RHB Dennis Tiefenthaler
|
0-0: Ball 1-0: SINGLE (Line Drive, 34D, EV 93.8 MPH) Bobby Miscik to third
|
|
Batting: RHB Byron Peyton
|
0-0: Ball 1-0: Swinging Strike 1-1: Fly out, F8 (Flyball, 8RD, EV 98.8 MPH) Runner from 3rd tags up, SCORES, no throw by CF
|
|
Batting: RHB Augie Schmidt
|
0-0: Foul Ball, location: 2F 0-1: Fly out, F7 (Line Drive, 7, EV 99.4 MPH)
|
|
Batting: RHB Brandt Humphry
|
0-0: Ball 1-0: Ball 2-0: Fielders Choice at 2nd, 6-4 (Groundball, 56, EV 90.0 MPH)
|
| Bottom of the 9th over - 1 run, 2 hits, 0 errors, 1 left on base; Santa Domingo 7 - Port-au-Prince 2 |
|